 Dungeon Crawl Stone Soup version 0.30-a0-778-g2ef04afb54 (webtiles) character file.

Game seed: 4368768851093805337

438 browni3141 the Trooper (level 7, 0/61 HPs)
             Began as a Hill Orc Gladiator on Feb 17, 2023.
             Was a Follower of Okawaru.
             Slain by an iguana (4 damage)
             ... on level 4 of the Dungeon.
             The game lasted 00:08:17 (3289 turns).

browni3141 the Trooper (Hill Orc Gladiator)         Turns: 3289, Time: 00:08:18

Health: 0/61       AC: 14    Str: 19    XL:     7   Next: 1%
Magic:  1/2        EV:  7    Int:  8    God:    Okawaru [*.....]
Gold:   168        SH:  0    Dex: 18    Spells: 6/6 levels left

rFire   . . .      SeeInvis .    x - +2 spear (antimagic)
rCold   . . .      Faith    .    (no shield)
rNeg    + . .      Spirit   .    g - +0 plate armour
rPois   .          Reflect  .    c - +0 helmet
rElec   .          Harm     .    (no cloak)
rCorr   .          Rampage  .    (no gloves)
Will    .....                    l - +0 pair of boots Stlth
                                 (no amulet)
HPRegen 0.30/turn                k - ring of positive energy
MPRegen 0.08/turn                o - +6 ring of dexterity

@: no status effects
A: no striking features
a: Renounce Religion, Heroism


You were on level 4 of the Dungeon.
You worshipped Okawaru.
Okawaru was aware of your devotion.
You visited 1 branch of the dungeon, and saw 4 of its levels.

You collected 168 gold pieces.

Inventory:

Hand Weapons
 a - a +0 flail
 p - a +0 club
 x - a +2 antimagic spear (weapon)
Missiles
 d - 3 throwing nets
 e - a javelin
 f - 21 stones (quivered)
 m - 5 boomerangs
Armour
 b - a +0 leather armour
 c - a +0 helmet (worn)
 g - a +0 plate armour (worn)
 l - a +0 pair of boots (worn)
Jewellery
 k - a ring of positive energy (left hand)
 o - a +6 ring of dexterity (right hand)
Scrolls
 j - a scroll of teleportation
 n - a scroll of vulnerability {unknown}
 q - 2 scrolls of blinking {unknown}
 v - a scroll of magic mapping {unknown}
 y - a scroll of summoning {unknown}
 C - 2 scrolls of identify {unknown}
 D - a scroll of enchant weapon {unknown}
Potions
 h - 4 potions of haste {unknown}
 i - 3 potions of attraction {unknown}
 r - 2 potions of might {unknown}
 s - 2 potions of mutation {unknown}
 t - a potion of curing
 u - a potion of brilliance {unknown}
 z - a potion of invisibility {unknown}
 A - 2 potions of heal wounds {unknown}
 B - a potion of flight {unknown}
 E - a potion of degeneration {unknown}


   Skills:
 * Level 5.1 Fighting
 - Level 3.2 Maces & Flails
 * Level 3.7 Throwing
 * Level 3.8 Armour
 + Level 3.1 Dodging


You had 6 spell levels left.
You didn't know any spells.
Your spell library contained the following spells:

 Spells                   Type           Power      Damage    Failure   Level
 Lesser Beckoning         Tloc           0%         N/A       100%        2
 Gell's Gravitas          Tloc           0%         N/A       100%        3
 Teleport Other           Tloc           0%         N/A       100%        3


Dungeon Overview and Level Annotations

Branches:
Dungeon (4/15)
 Temple: D:4-7

Altars:
Okawaru

Annotations:
D:3 2 transporters, indyram44's ghost, amateur DsFi
D:4 Duvessa; Edmund


Message History

You feel better.
The howler monkey hits you but does no damage.
The howler monkey hoots and howls with incredible vigour!
The iguana bites you but does no damage.
You hear a shout! x2
You barely miss the howler monkey.
The howler monkey is almost dead.
You hear a shout!
The howler monkey hits you but does no damage.
The iguana bites you.
* * * LOW HITPOINT WARNING * * *
You closely miss the howler monkey.
The howler monkey is almost dead.
The howler monkey hits you but does no damage.
The iguana bites you.
* * * LOW HITPOINT WARNING * * *
You hit the howler monkey but do no damage.
The howler monkey is almost dead.
The howler monkey hits you but does no damage.
The iguana barely misses you.
The howler monkey hoots and howls with incredible vigour!
You hear an angry hiss.
You hit the howler monkey.
You kill the howler monkey!
Okawaru accepts your kill.
You hear a shout!
The iguana bites you but does no damage.
You have reached level 7!
You don't have enough magic at the moment.
You hit the iguana.
The iguana is lightly wounded.
The iguana bites you.
* * * LOW HITPOINT WARNING * * *
You hit the iguana.
The iguana is heavily wounded.
The iguana bites you but does no damage.
You hit the iguana but do no damage.
The iguana is moderately wounded.
The iguana bites you.
You die...

######## .. # #......##.# #.
#......... #..##.......#
###..l@.......# ..
......##†......#..# ......
##........###
###...###..........# #
#........###.... #.
###.................
###########...#.....###.......
............#####....## #....
............## ###...####....


You could see an iguana.

Vanquished Creatures
  A bullfrog (D:4)
  A scorpion (D:4)
  Dowan (D:4)
  A howler monkey (D:4)
  6 gnolls
  7 adders
  An ufetubus (D:4)
  3 worms
  5 dart slugs
  An orc (D:3)
  4 bats
  8 endoplasms
  2 giant cockroaches (D:1)
  11 goblins
  10 hobgoblins
  3 jackals (D:4)
  A quokka (D:3)
  7 ball pythons
  3 frilled lizards
  8 kobolds
  2 rats (D:3)
86 creatures vanquished.

Notes
Turn   | Place    | Note
-------+----------+-------------------------------------------
     0 | D:1      | browni3141 the Hill Orc Gladiator began the quest for the
                  | Orb.
     0 | D:1      | Reached XP level 1. HP: 18/18 MP: 1/1
   160 | D:1      | Reached XP level 2. HP: 24/25 MP: 2/2
   329 | D:1      | Reached skill level 1 in Armour
   467 | D:1      | Reached skill level 3 in Fighting
   623 | D:1      | Reached XP level 3. HP: 27/31 MP: 3/3
  1011 | D:2      | Found an iron altar of Okawaru.
  1037 | D:2      | Became a worshipper of Warmaster Okawaru
  1444 | D:2      | Reached XP level 4. HP: 11/38 MP: 4/4
  1875 | D:3      | Found a transporter.
  1877 | D:3      | Noticed indyram44's ghost (amateur DsFi)
  1956 | D:3      | Found a transporter.
  1984 | D:3      | Reached XP level 5. HP: 43/46 MP: 1/5
  2052 | D:3      | Found a faded altar of an unknown god.
  2175 | D:3      | Reached skill level 4 in Fighting
  2803 | D:4      | Reached XP level 6. HP: 31/53 MP: 2/6
  2896 | D:4      | Noticed Edmund
  3178 | D:4      | Reached * piety under Okawaru
  3251 | D:4      | Noticed Duvessa
  3251 | D:4      | Noticed Dowan
  3266 | D:4      | Killed Dowan
  3267 | D:4      | Reached skill level 5 in Fighting
  3287 | D:4      | Reached XP level 7. HP: 6/61 MP: 1/7
  3289 | D:4      | Slain by an iguana

Illustrated notes

Levels and vault maps discovered:
D:1:      dpeg_arrival_arbitrary_a, layout_rooms, minivault_25
D:2:      layout_basic, basic_altar, minivault_24
D:3:      layout_loops_ring, gammafunk_ghost_stat_death,
          nicolae_ecumenical_lake_church
D:4:      layout_rooms, minmay_misc_feat_rows, nicolae_nh_ransacked_shop,
          uniq_edmund, uniq_duvessa

Skill      XL: |  1  2  3  4  5  6 |
---------------+-------------------+-----
Throwing       | 2 3 |  3.7
Armour         | 1 2 3 |  3.8
Fighting       | 3 4 5 |  5.1
Dodging        | 3 |  3.1
Maces & Flails | |  3.2

Action                     |  1- 3 |  4- 6 |  7- 9 || total
---------------------------+-------+-------+-------++-------
  Melee: Flail             |    59 |       |       ||    59
         Club              |    69 |     1 |       ||    70
         Punch             |     2 |     1 |       ||     3
         Spear             |       |   167 |     3 ||   170
  Throw: Stone             |    13 |    10 |       ||    23
 Invoke: Heroism           |       |     1 |       ||     1
  Evoke: Wand              |     1 |     6 |       ||     7
    Use: Potion            |       |     2 |       ||     2
         Scroll            |       |     1 |       ||     1
 Armour: Plate armour      |   107 |   101 |     1 ||   209
         Leather armour    |     1 |       |       ||     1
  Dodge: Dodged            |    27 |    64 |       ||    91

Table legend: (Time is in decaauts)
 A = Elapsed time spent in this place.
 B = Non-inter-level travel time spent in this place.
 C = Inter-level travel time spent in this place.
 D = Time resting spent in this place.
 E = Time spent auto-exploring this place.
 F = Levels seen in this place.
 G = Mean time per level.
                   A        B        C        D        E       F      G
               +--------+--------+--------+--------+--------+-----+--------+
         Total |   3330 |   3117 |    213 |    155 |   2129 |   4 |  832.5 |
       Dungeon |   3330 |   3117 |    213 |    155 |   2129 |   4 |  832.5 |
               +--------+--------+--------+--------+--------+-----+--------+

Top non-repeatable levels by time:
     D:2: 1094 daAuts
     D:3: 1054 daAuts
     D:1: 769 daAuts
     D:4: 411 daAuts
